 Dungeon Crawl Stone Soup version 0.21.1-1-g345015f (webtiles) character file.

253 Fang the Chopper (level 6, -2/39 HPs)
             Began as a Gargoyle Berserker on July 26, 2018.
             Was a Believer of Trog.
             Slain by Grinder (5 damage)
             ... while paralysed by Grinder
             ... on level 3 of the Dungeon on July 28, 2018.
             The game lasted 00:03:20 (3042 turns).

Fang the Chopper (Gargoyle Berserker)               Turns: 3042, Time: 00:03:21

Health: -2/39      AC:  6    Str: 22    XL:     6   Next: 14%
Magic:  6/6        EV:  2    Int:  8    God:    Trog [**....]
Gold:   103        SH:  0    Dex:  9    Spells: 5/5 levels left

rFire    x . .     SeeInvis .   a - +0 hand axe
rCold    + . .     Gourm    .   (no shield)
rNeg     + . .     Faith    .   b - +0 animal skin
rPois    ∞         Spirit   .   (no helmet)
rElec    +         Reflect  .   (no cloak)
rCorr    .         Harm     .   (no gloves)
MR       .....                  (no boots)
Stlth    +.........             (no amulet)
HPRegen  0.13/turn              l - ring of ice
MPRegen  0.10/turn              (no ring)

@: paralysed, berserk cooldown, slowed
A: negative energy resistance 1, electricity resistance, unbreathing,
petrification resistance, rot immunity, AC +4
a: Berserk, Trog's Hand, Burn Spellbooks, Renounce Religion


You were on level 3 of the Dungeon.
You worshipped Trog.
Trog was pleased with you.
You were not hungry.

You visited 1 branch of the dungeon, and saw 3 of its levels.

You collected 103 gold pieces.

Inventory:

Hand Weapons
 a - a +0 hand axe (weapon)
Armour
 b - a +0 animal skin (worn)
Jewellery
 l - a ring of ice (left hand)
Scrolls
 d - 2 scrolls of blinking {unknown}
 f - a scroll of fear {unknown}
 g - 2 scrolls of identify {unknown}
 h - 2 scrolls of remove curse {unknown}
 i - 3 scrolls of random uselessness {unknown}
 k - a scroll of noise {unknown}
 m - 2 scrolls of teleportation {unknown}
 o - a scroll of enchant armour {unknown}
 p - a scroll of immolation {unknown}
Potions
 e - a potion of haste {unknown}
 j - a potion of curing {unknown}
 n - 2 potions of brilliance {unknown}
 q - 2 potions of degeneration {unknown}
Comestibles
 c - 4 rations


   Skills:
 + Level 4.5 Fighting
 + Level 4.6 Axes
 + Level 2.3 Armour
 + Level 2.6 Dodging
 + Level 1.4 Stealth


You had 5 spell levels left.
You didn't know any spells.

Dungeon Overview and Level Annotations

Branches:
Dungeon (3/15)

Altars:

Annotations:
D:3 Grinder


Innate Abilities, Weirdness & Mutations

You are resistant to torment.
Your stone body is resilient. (AC +4)
You are immune to poison.
You resist negative energy. (rN+)
You are resistant to electric shocks. (rElec)
You can survive without breathing.
You are immune to petrification.
You are immune to rotting.


Message History

You feel yourself slow down.
You see here a club.
Grinder hits you but does no damage. Grinder barely misses you.
Grinder misses you. Grinder hits you.
You writhe in agony.
You closely miss Grinder.
Grinder is severely wounded.
Grinder hits you but does no damage.
You hit Grinder.
Grinder is almost dead.
Grinder gestures at you.
You suddenly lose the ability to move!
Grinder hits you.
* * * LOW HITPOINT WARNING * * *
Grinder hits you.
* * * LOW HITPOINT WARNING * * *
You writhe in agony.
* * * LOW HITPOINT WARNING * * *
Grinder hits you but does no damage. Grinder hits you.
You die...

#. ########.##
#.#######..........
#..................
#..#######.#.####.#
#...######.#.# #.#
#..#.......#.# #.#
#...########.####.#
#...## #.....<.
#.@5.# #.####..
##...# ##. #().# #.
#...## #. #.$..# #)
##...[(... #.
#.#.##### #. #.#.#
#. #.#.#


You could see Grinder.

Vanquished Creatures
  The ghost of Tinamil the Sneak, an amateur SpEn of Dithmenos (D:3)
  Terence (D:2)
  A gnoll (D:1)
  8 adders
  3 worms (D:2)
  2 dart slugs (D:1)
  3 leopard geckos
  3 orcs (D:3)
  10 bats
  4 giant cockroaches
  7 goblins
  6 hobgoblins
  2 jackals (D:1)
  2 ball pythons
  4 frilled lizards
  7 kobolds
  6 rats
70 creatures vanquished.

Notes
Turn   | Place    | Note
-------+----------+-------------------------------------------
     0 | D:1      | Fang the Gargoyle Berserker began the quest for the Orb.
     0 | D:1      | Reached XP level 1. HP: 14/14 MP: 1/1
   277 | D:1      | Reached XP level 2. HP: 8/19 MP: 2/2
   893 | D:1      | Reached XP level 3. HP: 22/24 MP: 3/3
  1042 | D:1      | Reached ** piety under Trog
  1466 | D:2      | Reached XP level 4. HP: 6/29 MP: 4/4
  1788 | D:2      | Noticed Terence
  1801 | D:2      | Killed Terence
  1801 | D:2      | Reached skill level 1 in Stealth
  1948 | D:2      | Reached XP level 5. HP: 27/33 MP: 5/5
  2779 | D:3      | Noticed Tinamil's ghost (amateur SpEn)
  2787 | D:3      | Killed Tinamil's ghost
  2787 | D:3      | Reached XP level 6. HP: 39/39 MP: 6/6
  3010 | D:3      | Noticed Grinder
  3039 | D:3      | Paralysed by Grinder for 4 turns
  3042 | D:3      | Slain by Grinder

Skill      XL: |  1  2  3  4  5 |
---------------+----------------+-----
Dodging        | 2 |  2.6
Axes           | 3 4 |  4.6
Fighting       | 4 |  4.5
Stealth        | 1 |  1.4
Armour         | |  2.3

Action                   |  1- 3 |  4- 6 || total
-------------------------+-------+-------++-------
Melee: Hand axe          |    96 |   145 ||   241
Invok: Berserk           |       |     4 ||     4
 Stab: Sleeping          |     1 |     1 ||     2
  Eat: Chunk             |     2 |     2 ||     4
       Ration            |       |     2 ||     2
Armor: Animal skin       |    30 |    47 ||    77
Dodge: Dodged            |    60 |    87 ||   147
